 Dungeon Crawl Stone Soup version 0.29.1-15-g9cfb28693d (webtiles) character file.

Game seed: 375488958194656256

4681 asdfasdf the Cleaver (level 10, -8/90 HPs)
             Began as a Hill Orc Fighter on Apr 29, 2023.
             Mangled by a 14-headed hydra (9 damage)
             ... on level 9 of the Dungeon.
             The game lasted 00:21:23 (8402 turns).

asdfasdf the Cleaver (Hill Orc Fighter)             Turns: 8402, Time: 00:21:24

Health: -8/90      AC: 26    Str: 24    XL:     10   Next: 44%
Magic:  10/10      EV:  7    Int: 11    God:
Gold:   438        SH:  6    Dex: 16    Spells: 9/9 levels left

rFire   . . .      SeeInvis .   a - +0 war axe
rCold   . . .      Faith    .   c - +0 buckler
rNeg    . . .      Spirit   .   D - +3 plate armour {Will+}
rPois   .          Reflect  .   z - +2 helmet {Int+3}
rElec   .          Harm     .   t - +2 cloak
rCorr   .          Rampage  .   (no gloves)
Will    +....                   C - +2 pair of boots
Stlth   ..........              o - amulet of regeneration
HPRegen 1.05/turn               A - +6 ring of dexterity
MPRegen 0.12/turn               (no ring)

@: brilliant, about to teleport, hasted, invisible, very quick
A: no striking features
a: no special abilities


You were on level 9 of the Dungeon.
You visited 1 branch of the dungeon, and saw 9 of its levels.
You also visited: Sewer.

You collected 633 gold pieces.
You spent 195 gold pieces at shops.

Inventory:

Hand Weapons
 a - a +0 war axe (weapon)
Armour
 c - a +0 buckler (worn)
 t - a +2 cloak (worn)
 z - a +2 helmet of intelligence (worn)
 C - a +2 pair of boots (worn)
 D - a +3 plate armour of willpower (worn)
Jewellery
 h - an amulet of the acrobat
 o - an amulet of regeneration (around neck)
 A - a +6 ring of dexterity (left hand)
 G - a ring of fire
Wands
 p - a wand of mindburst (10)
 r - a wand of digging (6)
 x - a wand of light (7)
 y - a wand of flame (55)
Scrolls
 b - a scroll of acquirement {unknown}
 d - 2 scrolls of fear
 i - 9 scrolls of identify
 j - 6 scrolls of teleportation
 n - a scroll of enchant weapon {unknown}
 w - a scroll of amnesia
 B - 2 scrolls of butterflies {unknown}
 E - a scroll of noise {unknown}
 F - 4 scrolls of poison {unknown}
 H - 2 scrolls of silence
Potions
 f - 2 potions of berserk rage {unknown}
 g - 3 potions of brilliance
 l - a potion of ambrosia {unknown}
 m - 4 potions of haste
 q - a potion of mutation {unknown}
 s - 5 potions of curing
 u - a potion of invisibility
 v - 3 potions of flight


   Skills:
 + Level 8.8 Fighting
 + Level 13.4 Axes
 + Level 8.4 Armour
 + Level 1.7 Dodging
 + Level 1.1 Stealth
 + Level 5.7 Shields


You had 9 spell levels left.
You didn't know any spells.
Your spell library contained the following spells:

 Spells                   Type           Power      Damage    Failure   Level
 Necrotise                Necr           0%         1d4       99%         1
 Gell's Gravitas          Tloc           0%         N/A       100%        3
 Inner Flame              Hex/Fire       0%         N/A       100%        3
 Lesser Beckoning         Tloc           0%         N/A       100%        3
 Teleport Other           Tloc           0%         N/A       100%        3
 Vampiric Draining        Necr           0%         2d6       100%        3
 Cause Fear               Hex            0%         N/A       100%        4
 Agony                    Necr           0%         N/A       100%        5
 Discord                  Hex            0%         N/A       100%        8


Dungeon Overview and Level Annotations

Branches:
Dungeon (9/15)             Temple (0/1) D:4           Sewer (visited)
   Lair: D:8-11         Orc: D:9-12

Altars:
Ashenzari
Gozag
Kikubaaqudgha
Nemelex Xobeh
Wu Jian
Xom
The Shining One

Shops:
D:1 :?   D:6 [   D:8 (


Message History

It was a potion of brilliance.
You feel clever all of a sudden. You block the 14-headed hydra's attack.
The 14-headed hydra bites you but does no damage.
You block the 14-headed hydra's attack. The 14-headed hydra bites you. x2
The 14-headed hydra closely misses you. You block the 14-headed hydra's attack.
The 14-headed hydra bites you but does no damage.
The 14-headed hydra barely misses you.
The 14-headed hydra bites you but does no damage.
The 14-headed hydra bites you.
* * * LOW HITPOINT WARNING * * *
The 14-headed hydra closely misses you. The 14-headed hydra barely misses you.
The 14-headed hydra bites you but does no damage.
Unknown command.
It was a potion of haste.
You feel yourself speed up.
The 14-headed hydra bites you but does no damage.
The 14-headed hydra barely misses you. The 14-headed hydra bites you.
* * * LOW HITPOINT WARNING * * *
The 14-headed hydra bites you but does no damage.
The 14-headed hydra closely misses you.
You block the 14-headed hydra's attack. x2
The 14-headed hydra bites you!
* * * LOW HITPOINT WARNING * * *
The 14-headed hydra bites you but does no damage.
The 14-headed hydra barely misses you.
The 14-headed hydra bites you but does no damage. x3
The 14-headed hydra barely misses you.
Unknown command.
Unknown command.
Okay, then.
As you read the scroll of teleportation, it crumbles to dust.
You feel strangely unstable.
The 14-headed hydra bites you but does no damage. x2
You block the 14-headed hydra's attack.
The 14-headed hydra bites you but does no damage.
You block the 14-headed hydra's attack. The 14-headed hydra bites you!
* * * LOW HITPOINT WARNING * * *
The 14-headed hydra closely misses you.
The 14-headed hydra bites you but does no damage. x3
You block the 14-headed hydra's attack. The 14-headed hydra bites you!
You die...

#^#....#.......##..
#.#.#<.#####...##..
#.#.#..............
#.#.#.####..#####.#
#.#.#.# #.........
#.#.#.# #####..####
######.#.#.# #))........
#........#.###.####.####
#......@.#..............
#......D######......###.
#.......# #......##..
#.......# #......##.#
#.......# #..†...##.#
#.......# #......##.#
#.......# #......##.#
#.......# ###.#######.#
#######.# #..##.8K###..


You could see a 14-headed hydra (unable to see you).

Vanquished Creatures
  The ghost of p0werm0de the Protected, a novice MiFi of Cheibriados (D:9)
  Joseph (D:9)
  A tengu conjurer (D:9)
  Sigmund (D:2)
  A wyvern (D:9)
  A steam dragon (D:8)
  Grum (D:9)
  An acid dragon (D:9)
  2 water moccasins
  2 orc warriors (D:9)
  2 sky beasts
  2 ice beasts
  An ogre (D:6)
  A black bear (D:6)
  2 wolves (D:9)
  A kobold brigand (D:9)
  Blork the orc (D:4)
  2 bullfrogs (D:8)
  A necrophage (D:6)
  A jelly (D:5)
  4 killer bees (D:8)
  3 howler monkeys (D:8)
  5 hounds
  2 gnoll boudas (D:7)
  7 orc priests
  Crazy Yiuf (D:2)
  Jessica (D:2)
  2 iguanas
  Natasha (twice) (D:2)
  5 orc wizards
  8 gnolls (D:7)
  16 adders
  2 river rats (Sewer)
  2 white imps
  2 ufetubi (D:7)
  4 worms
  2 dart slugs
  27 orcs
  8 endoplasms
  7 giant cockroaches
  4 goblins
  6 hobgoblins
  5 quokkas
  16 ball pythons
  7 bats
  6 frilled lizards
  11 kobolds
  7 rats
198 creatures vanquished.

Vanquished Creatures (others)
  A demonic plant (D:7)
  A fungus (D:3)
  2 plants (D:3)
4 creatures vanquished.

Grand Total: 202 creatures vanquished

Notes
Turn   | Place    | Note
-------+----------+-------------------------------------------
     0 | D:1      | asdfasdf the Hill Orc Fighter began the quest for the Orb.
     0 | D:1      | Reached XP level 1. HP: 19/19 MP: 1/1
   105 | D:1      | Found Udiar's Magic Scroll Boutique.
   392 | D:1      | Reached XP level 2. HP: 27/27 MP: 2/2
   721 | D:1      | Reached skill level 3 in Axes
   824 | D:1      | Found Qubrupp's Book Shoppe.
  1129 | D:2      | Reached XP level 3. HP: 32/33 MP: 3/3
  1286 | D:2      | Noticed Jessica
  1309 | D:2      | Killed Jessica
  1310 | D:2      | Reached skill level 4 in Axes
  1310 | D:2      | Reached XP level 4. HP: 33/40 MP: 4/4
  1525 | D:2      | Noticed Natasha
  1534 | D:2      | Killed Natasha
  1738 | D:2      | Noticed Sigmund
  1757 | D:2      | Killed Sigmund
  1758 | D:2      | Reached skill level 5 in Fighting
  1758 | D:2      | Reached skill level 5 in Axes
  1758 | D:2      | Reached XP level 5. HP: 44/49 MP: 5/5
  1758 | D:2      | Reached XP level 6. HP: 50/56 MP: 6/6
  2017 | D:2      | Found a runed translucent door.
  2018 | D:2      | Noticed Crazy Yiuf
  2024 | D:2      | Killed Crazy Yiuf
  2168 | D:2      | Noticed Natasha
  2194 | D:2      | Killed Natasha
  2374 | D:3      | Reached skill level 6 in Axes
  2539 | D:3      | Reached XP level 7. HP: 63/63 MP: 7/7
  2738 | D:3      | Found a sparkling altar of Nemelex Xobeh.
  3175 | D:3      | Found a faded altar of an unknown god.
  3380 | D:4      | Noticed Blork the orc
  3392 | D:4      | Killed Blork the orc
  3393 | D:4      | Reached skill level 1 in Dodging
  3588 | D:4      | Found an ancient bone altar of Kikubaaqudgha.
  3701 | D:4      | Found a staircase to the Ecumenical Temple.
  3892 | D:4      | Found an ornate altar of the Wu Jian Council.
  4211 | D:5      | Entered Level 5 of the Dungeon
  4294 | D:5      | Found a broken altar of Ashenzari.
  4358 | D:5      | Reached skill level 7 in Axes
  4379 | D:5      | Found a glowing drain.
  4406 | Sewer    | Entered a sewer
  4923 | D:5      | Reached XP level 8. HP: 71/71 MP: 8/8
  5495 | D:6      | Reached skill level 5 in Armour
  5498 | D:6      | Reached skill level 8 in Axes
  5515 | D:6      | Found Xivaisid's Antique Armour Shop.
  5553 | D:6      | Bought a shiny helmet for 195 gold pieces
  5618 | D:6      | Identified the +9 spear "Qotox" {freeze, rN+ Str+3}
  5675 | D:6      | Found a shimmering altar of Xom.
  5788 | D:6      | Found a glowing golden altar of the Shining One.
  5998 | D:6      | Reached skill level 9 in Axes
  6492 | D:7      | Reached XP level 9. HP: 60/79 MP: 9/9
  6506 | D:7      | Reached skill level 10 in Axes
  6948 | D:8      | Found Pystrowu's Antique Weapon Boutique.
  7068 | D:8      | Reached skill level 11 in Axes
  7700 | D:9      | Reached skill level 5 in Shields
  7807 | D:9      | Noticed Grum
  7823 | D:9      | Reached skill level 12 in Axes
  7840 | D:9      | Killed Grum
  7901 | D:9      | Reached XP level 10. HP: 88/88 MP: 10/10
  7992 | D:9      | Found a runed translucent gate.
  7993 | D:9      | Found a runed translucent gate.
  7994 | D:9      | Found a runed translucent gate.
  7995 | D:9      | Found an opulent altar of Gozag.
  7997 | D:9      | Noticed a five-headed hydra
  7997 | D:9      | Noticed p0werm0de's ghost (novice MiFi)
  8093 | D:9      | Noticed Joseph
  8109 | D:9      | Killed Joseph
  8110 | D:9      | Reached skill level 13 in Axes
  8221 | D:9      | Reached skill level 1 in Stealth
  8286 | D:9      | Killed p0werm0de's ghost
  8402 | D:9      | HP: 1/90 [14-headed hydra (11)]
  8402 | D:9      | Mangled by a 14-headed hydra

Illustrated notes

Levels and vault maps discovered:
D:1:      elethiomel_arrival_maze, layout_loops_ring, serial_shops, shop_statue,
          nicolae_shop_trees
D:2:      layout_basic, uniq_jessica, uniq_crazy_yiuf_cottage, uniq_sigmund,
          uniq_natasha
D:3:      layout_loops_ring, nemelex_dance_club_becter,
          shapermc_ecumenical_altar_petra
D:4:      layout_basic, pdpol_wu_jian_five_deadly_venoms,
          mainiacjoe_overflow_paths, temple_green, serial_glass,
          glass_columns_a, glass_columns_b, uniq_blork_the_orc
D:5:      layout_gridville, mainiacjoe_overflow_surrounded_room,
          portal_sewer_entry_a
D:6:      layout_rooms, mainiacjoe_overflow_24_doors,
          nicolae_tso_carved_into_rock, serial_shops, shop, item_on_display_a
D:7:      layout_rooms, serial_demonic, serial_demonic_e, serial_demonic_g,
          serial_demonic_g, serial_demonic_b, kennysheep_generic_room_8
D:8:      layout_loops_ring, serial_shops, shop
D:9:      layout_basic, ebering_ghost_gozag, kennysheep_nondescript, uniq_grum,
          uniq_joseph

Skill      XL: |  1  2  3  4  5  6  7  8  9 10 |
---------------+-------------------------------+-----
Fighting       | 4 5 6 7 8 |  8.8
Axes           | 3 4 5 6 7 9 12 13 | 13.4
Armour         | 4 6 7 8 |  8.4
Dodging        | 1 |  1.7
Shields        | 4 5 |  5.7
Stealth        | 1 |  1.1

Action                   |  1- 3 |  4- 6 |  7- 9 | 10-12 || total
-------------------------+-------+-------+-------+-------++-------
Melee: War axe           |    82 |   119 |   480 |    90 ||   771
  Use: Potion            |       |     1 |     7 |     9 ||    17
       Scroll            |       |       |    11 |     3 ||    14
 Stab: Distracted        |       |       |       |     1 ||     1
Armor: Scale mail        |    42 |    75 |   189 |       ||   306
       Plate armour      |       |       |    90 |   141 ||   231
Dodge: Dodged            |    67 |    88 |   200 |    56 ||   411
Block: Buckler           |    18 |    24 |   112 |    52 ||   206
